 Dungeon Crawl Stone Soup version 0.27-a0-320-g81d27af2d4 (webtiles) character file.

Game seed: 6518720180971765338

7 Lanoc the Ducker (level 1, 0/13 HPs)
             Began as a Deep Elf Monk on Feb 10, 2021.
             Slain by an adder (5 damage)
             ... on level 2 of the Dungeon.
             The game lasted 00:00:34 (283 turns).

Lanoc the Ducker (Deep Elf Monk)                     Turns: 283, Time: 00:00:34

Health: 0/13       AC:  3    Str: 14    XL:     1   Next: 83%
Magic:  3/3        EV: 14    Int: 14    God:
Gold:   18         SH:  0    Dex: 17    Spells: 0/0 levels left

rFire    . . .     SeeInvis .   a - +0 short sword
rCold    . . .     Faith    .   (no shield)
rNeg     . . .     Spirit   .   b - +0 robe
rPois    .         Reflect  .   (no helmet)
rElec    .         Harm     .   e - +0 cloak
rCorr    .         Rampage  .   (no gloves)
Will     .....                  (no boots)
Stlth    ++........             (no amulet)
HPRegen  0.04/turn              f - +6 ring of strength
MPRegen  0.08/turn              (no ring)

@: no status effects
A: no striking features
a: no special abilities


You were on level 2 of the Dungeon.
You visited 1 branch of the dungeon, and saw 2 of its levels.

You collected 18 gold pieces.

Inventory:

Hand Weapons
 a - a +0 short sword (weapon)
Armour
 b - a +0 robe (worn)
 e - a +0 cloak (worn)
Jewellery
 f - a +6 ring of strength (left hand)
Scrolls
 c - a scroll of identify {unknown}
Potions
 d - a potion of mutation {unknown}


   Skills:
 + Level 2.6 Fighting
 - Level 3.0 Short Blades
 + Level 3.9 Dodging
 - Level 2.4 Stealth


You couldn't memorise any spells.
You didn't know any spells.
Your spell library was empty.

Dungeon Overview and Level Annotations

Branches:
Dungeon (2/15)

Altars:


Message History

3 stones; a kobold corpse
Found a stone staircase leading down.
There is a stone staircase leading down here.
You climb downwards.
A frilled lizard comes into view.
There is a stone staircase leading up here.
The helpless frilled lizard fails to defend itself.
You puncture the frilled lizard!
You kill the frilled lizard!
No target in view!
You open the door.
There is an open door here.
Found an escape hatch in the floor.
You now have 18 gold pieces (gained 10).
A hobgoblin comes into view. It is wielding a +0 club.
The hobgoblin moves out of view.
Found a hunting sling.
Found 18 stones.
A frilled lizard comes into view.
An adder comes into view.
Found a trident and 10 gold pieces.
A goblin comes into view.
Found a stone staircase leading up.
A hobgoblin comes into view.
The helpless frilled lizard fails to defend itself.
You puncture the frilled lizard!
You kill the frilled lizard!
The adder hisses angrily.
You closely miss the adder. The adder bites you.
You miss the adder. The adder misses you. The adder barely misses you.
You hit the adder.
The adder is heavily wounded.
The adder barely misses you.
You barely miss the adder.
The adder is heavily wounded.
The adder bites you. The hobgoblin barely misses you.
You are too injured to fight recklessly!
The adder bites you but does no damage. The adder bites you.
You die...

# #........#
....####........#
#...............
########........
##..######.
####..###### ..#
###...........)
#...
#...#.#########
#...###..##@#
#.....##..S.#
......)...g##
..........g.#####
.................
...........#####.
....(......#
...........#
....$......#


You could see an adder, a hobgoblin and a goblin.

Vanquished Creatures
  2 bats (D:1)
  A hobgoblin (D:1)
  3 frilled lizards
  A kobold (D:1)
7 creatures vanquished.

Notes
Turn   | Place    | Note
-------+----------+-------------------------------------------
     0 | D:1      | Lanoc the Deep Elf Monk began the quest for the Orb.
     0 | D:1      | Reached XP level 1. HP: 13/13 MP: 3/3
   283 | D:2      | Slain by an adder

Illustrated notes

Levels and vault maps discovered:
D:1:      heliophobic_arrival_enchanted_forest, layout_basic
D:2:      layout_rooms, minmay_overflow_temple_star_quad, grunt_ministairs_14,
          grunt_gozag_statues

Action                   || total
-------------------------++-------
Melee: Short sword       ||    20
 Stab: Sleeping          ||     4
Armor: Robe              ||     5
Dodge: Dodged            ||    14

Table legend: (Time is in decaauts)
 A = Elapsed time spent in this place.
 B = Non-inter-level travel time spent in this place.
 C = Inter-level travel time spent in this place.
 D = Time resting spent in this place.
 E = Time spent auto-exploring this place.
 F = Levels seen in this place.
 G = Mean time per level.
                   A        B        C        D        E       F      G
               +--------+--------+--------+--------+--------+-----+--------+
         Total |    281 |    274 |      7 |      0 |    204 |   2 |  140.5 |
       Dungeon |    281 |    274 |      7 |      0 |    204 |   2 |  140.5 |
               +--------+--------+--------+--------+--------+-----+--------+

Top non-repeatable levels by time:
     D:1: 199 daAuts
     D:2: 81 daAuts
